 Dungeon Crawl Stone Soup version 0.30-a0-924-g0ad0bf95bc (webtiles) character file.

Game seed: 5897090936477363533

13183 jasper the Summoner (level 11, -1/92 HPs)
             Began as a Demonspawn Wanderer on Mar 22, 2023.
             Was an Elder of Ashenzari.
             Slain by a cane toad (22 damage)
             ... on level 9 of the Dungeon.
             The game lasted 00:25:12 (14568 turns).

jasper the Summoner (Demonspawn Wanderer)          Turns: 14568, Time: 00:25:13

Health: -1/92      AC:  8    Str:  9    XL:     11   Next: 72%
Magic:  7/16       EV: 16    Int: 20    God:    Ashenzari [****..]
Gold:   170        SH:  5    Dex: 14    Spells: 1/16 levels left

rFire   . . .      SeeInvis +    a - +2 quarterstaff of the Distant Dismay {Bglg, Cun} (curse)
rCold   . . .      Faith    .    (shield currently unavailable)
rNeg    . . .      Spirit   .    n - +3 leather armour of Ashenzari's Vision {Fort, Bglg} (curse)
rPois   .          Reflect  +    (no helmet)
rElec   .          Rampage  .    x - scarf of the Wild Blue Yonder {repulsion, Fort, Melee} (curse)
rCorr   .          Clarity  +    (no gloves)
Will    +....                    L - +0 pair of boots of the Ensconced Sphere {Melee, Fort} (curse)
Stlth   +                        I - amulet of reflection
HPRegen 0.35/turn                h - ring of Ashenzari's Yoke {EV+5, Comp, Range} (curse)
MPRegen 0.15/turn                w - ring of the Pangnostic Stars {Will+, Bglg, Self} (curse)

@: lethally poisoned (-1 -> -14), very slightly contaminated, repel missiles
A: claws 1, demonic guardian 1, foul stench 2, sturdy frame 1
a: Renounce Religion, Shatter the Chains


You were on level 9 of the Dungeon.
You worshipped Ashenzari.
Ashenzari was greatly pleased with you.
You visited 2 branches of the dungeon, and saw 12 of its levels.

You collected 779 gold pieces.
You spent 609 gold pieces at shops.

Inventory:

Hand Weapons
 a - the cursed +2 quarterstaff of the Distant Dismay (weapon) {Bglg, Cun}

   It has a curse which improves the following skills: Beguiling: Conjurations,
   Hexes and Translocations.
   Cunning:   Dodging and Stealth.
 l - a +0 trident
 y - a +0 quarterstaff of speed
Missiles
 g - 37 poisoned darts
 k - 7 boomerangs
 m - 139 stones
 F - 2 throwing nets
 N - 6 javelins
Armour
 b - a +0 ring mail
 f - a +0 tower shield
 n - the cursed +3 leather armour of Ashenzari's Vision (worn) {Fort, Bglg}
   (You found it on level 3 of the Dungeon)

   It has a curse which improves the following skills: Fortitude: Armour and
   Shields.
   Beguiling: Conjurations, Hexes and Translocations.
 x - the cursed scarf of the Wild Blue Yonder (worn) {repulsion, Fort, Melee}
   (You found it on level 7 of the Dungeon)

   It has a curse which improves the following skills: Fortitude: Armour and
   Shields.
   Melee Combat: Short Blades, Long Blades, Axes, Maces & Flails, Polearms,
   Staves and Unarmed Combat.
 L - the cursed +0 pair of boots of the Ensconced Sphere (worn) {Melee, Fort}
   (You bought it in a shop on level 6 of the Dungeon)

   It has a curse which improves the following skills: Melee Combat: Short
   Blades, Long Blades, Axes, Maces & Flails, Polearms, Staves and Unarmed
   Combat.
   Fortitude: Armour and Shields.
Jewellery
 h - the cursed ring of Ashenzari's Yoke (left claw) {EV+5, Comp, Range}
   (You found it on level 1 of the Dungeon)

   [ring of evasion]

   EV:        It affects your evasion (+5).
   It has a curse which improves the following skills: Companions: Summonings
   and Necromancy.
   Ranged Combat: Ranged Weapons and Throwing.
 s - a ring of fire
 w - the cursed ring of the Pangnostic Stars (right claw) {Will+, Bglg, Self}
   (You found it on level 7 of the Dungeon)

   [ring of willpower]

   Will:      It increases your willpower.
   It has a curse which improves the following skills: Beguiling: Conjurations,
   Hexes and Translocations.
   Introspection: Fighting and Spellcasting.
 I - an amulet of reflection (around neck)
Wands
 u - a wand of roots (8)
 z - a wand of digging (5)
 D - a wand of quicksilver (9)
 M - a wand of paralysis (1)
Scrolls
 e - a scroll of enchant armour
 p - 7 scrolls of teleportation
 r - 2 scrolls of immolation
 A - 2 scrolls of enchant weapon
 B - a scroll of butterflies
 E - a scroll of fog
 H - 3 scrolls of fear
 J - 2 scrolls of blinking
 K - a scroll of poison
Potions
 c - 4 potions of curing
 d - a potion of haste
 i - 3 potions of resistance
 j - 3 potions of flight
 o - a potion of might
 q - 4 potions of attraction
 t - 2 potions of brilliance
 v - 3 potions of cancellation
 C - a potion of invisibility
 G - a potion of heal wounds
 O - a potion of magic
 P - a potion of lignification


   Skills:
 + Level 8.7(10.5) Fighting
 + Level 7.8(10.9) Polearms
 - Level 3.6(7.9) Staves
 + Level 7.0(10.6) Armour
 - Level 2.0(3.4) Spellcasting
 * Level 11.7(13.5) Summonings
 - Level 1.8(3.2) Necromancy
 - Level 0.5(2.0) Translocations
 - Level 4.0 Air Magic
 - Level 1.0 Evocations


You had one spell level left.
You knew the following spells:

 Your Spells              Type           Power      Damage    Failure   Level
a - Summon Small Mammal   Summ           100%       N/A       1%          1
b - Call Canine Familiar  Summ           55%        N/A       1%          3
c - Swiftness             Air            19%        N/A       9%          3
d - Sublimation of Blood  Necr           16%        N/A       6%          2
e - Blink                 Tloc           22%        N/A       10%         2
f - Summon Guardian Gole  Hex/Summ       31%        N/A       2%          3
g - Apportation           Tloc           22%        N/A       6%          1

Your spell library contained the following spells:

 Spells                   Type           Power      Damage    Failure   Level
 Shock                    Conj/Air       48%        1d6       5%          1
 Magic Dart               Conj           20%        1d4       12%         1
 Beastly Appendage        Tmut           6%         N/A       14%         1
 Lesser Beckoning         Tloc           22%        N/A       10%         2
 Vhi's Electric Charge    Tloc/Air       30%        N/A       12%         3
 Momentum Strike          Conj/Tloc      16%        3d8       13%         2
 Searing Ray              Conj           10%        2d4       17%         2
 Gell's Gravitas          Tloc           11%        N/A       19%         3
 Teleport Other           Tloc           11%        N/A       19%         3
 Wereblood                Tmut           3%         N/A       22%         2
 Airstrike                Air            9%         2d(2-18)  26%         4
 Spider Form              Tmut/Pois      3%         N/A       38%         3
 Anguish                  Hex/Necr       5%         N/A       54%         4
 Fulminant Prism          Conj/Hex       2%         3d5       75%         4
 Olgreb's Toxic Radiance  Pois           3%         N/A       80%         4
 Petrify                  Tmut/Erth      3%         N/A       80%         4
 Arcjolt                  Conj/Air       6%         1d16      83%         5
 Alistair's Intoxication  Tmut/Pois      2%         N/A       98%         5
 Irradiate                Conj/Tmut      2%         3d12      98%         5
 Enfeeble                 Hex            2%         N/A       100%        7
 Ozocubu's Refrigeration  Ice            1%         4d7       100%        7
 Ignition                 Fire           1%         3d3       100%        8
 Maxwell's Capacitive Co  Air            9%         ∞         100%        8


Dungeon Overview and Level Annotations

Branches:
Dungeon (11/15)            Temple (0/1) D:6            Lair (1/5) D:9
    Orc (0/2) D:11

Altars:
Ashenzari
Dithmenos
Fedhas
Hepliaklqana
Kikubaaqudgha
Makhleb
Okawaru
Ru
Sif Muna
Trog
Yredelemnul

Shops:
D:5 =   D:6 [   D:9 *

Annotations:
D:4 Edmund


Innate Abilities, Weirdness & Mutations

You have sharp fingernails.
A weak demonic guardian rushes to your aid.
You sometimes emit foul miasma when damaged in melee.
Your movements are slightly less encumbered by armour. (ER -2)


Message History

The cane toad misses you. The wolf closely misses you.
There is a staircase back to the Dungeon here.
You take 13 damage, and have 79/92 hp.
You feel very sick. The wolf misses you. You block the cane toad's attack.
The yak gores you but does no damage. The wolf closely misses you.
You climb upwards.
Welcome back to the Dungeon!
You feel very sick.
There is a staircase to the Lair here.
You take 10 damage, and have 69/92 hp.
Casting: Call Canine Familiar (safe; 1% risk of failure)
Press: ? - help, Q - select action, (/) - cycle Dir - look around, f - activate You miscast Call Canine Familiar.
You are very lightly contaminated with residual magic.
Nothing appears to happen.
You feel very sick. The cane toad stings you!
You are more poisoned.
The cane toad poisons you!
You emit a cloud of foul miasma!
You block the wolf's attack. You block the yak's attack.
The cane toad is engulfed in dark miasma.
The cane toad is poisoned.
The cane toad misses you. The wolf barely misses you.
You take 19 damage, and have 50/92 hp.
MASSIVE DAMAGE!!
You now have 13/16 mp.
Casting: Call Canine Familiar (safe; 1% risk of failure)
Confirm with . or Enter, or press ? or * to list all spells.
A guardian golem appears, shielding your allies.
You feel very sick. The wolf barely misses you. The yak closely misses you.
The cane toad is engulfed in dark miasma.
The cane toad stings you!
You take 17 damage, and have 33/92 hp.
You now have 10/16 mp.
Casting: Call Canine Familiar (safe; 1% risk of failure)
Press: ? - help, Q - select action, (/) - cycle Dir - look around, f - activate You feel very sick.
You block the wolf's attack. The yak gores you!
* * * LOW HITPOINT WARNING * * *
The cane toad is engulfed in dark miasma.
The cane toad seems to slow down.
The cane toad stings you!!
You die...

..###.###.##.....##.###..........
......##...##...##...###.........
......#.....#####.....######.....
......#.....)...÷))...# ######
..###.#.....#####.)...###########
..###.##...##...##...###.......#.
....#..#####..#+###### #........)
....##.........h.....###......)##
.........###...h@..............#∩
.........# #...Y.F.............#'
.........###...9.................
.....#...........................
.....#...........................
.....#..........................<
.....#...................>..#####
.....#......................#....
.....#......................#....


You could see a yak, a cane toad (poisoned, slow, ally target), a wolf (ally
target), a friendly guardian golem (summoned) and a friendly warg (summoned).

Vanquished Creatures
  Erica (D:9)
  An ugly thing (D:8)
  A manticore (D:11)
  Joseph (D:7)
  An unseen horror (D:11)
  A hornet (D:9)
  2 trolls
  5 yaks
  A wyvern (D:7)
  A shadow (D:11)
  A human (D:11)
  4 vampire mosquitoes (D:10)
  A warg (D:11)
  A water moccasin (Lair:1)
  2 ice beasts
  A sky beast (D:7)
  2 orc warriors
  A wolf (Lair:1)
  3 centaurs
  3 bullfrogs
  2 scorpions
  2 wights (D:8)
  A killer bee (D:9)
  3 howler monkeys
  6 orc priests
  2 jellies
  4 hounds
  A gnoll bouda (D:10)
  2 sleepcaps
  4 iguanas
  4 orc wizards
  6 gnolls
  5 adders
  A shadow imp (D:8)
  5 dart slugs
  14 orcs
  8 ball pythons
  7 bats
  6 endoplasms
  4 giant cockroaches
  13 goblins
  5 hobgoblins
  6 jackals
  7 quokkas
  A frilled lizard (D:1)
  12 kobolds
  5 rats
170 creatures vanquished.

Vanquished Creatures (collateral kills)
  2 two-headed ogres
  A cyclops (D:11)
  A gargoyle (D:11)
  A kobold demonologist (D:11)
  A hornet (D:11)
  A shadow (D:9)
  A wyvern (D:9)
  9 yaks
  A steam dragon (D:6)
  2 water moccasins
  5 orc warriors
  A sky beast (D:6)
  A black bear (D:6)
  2 centaurs
  A gnoll sergeant (D:8)
  A kobold brigand (D:9)
  A bullfrog (D:6)
  7 wights
  3 howler monkeys
  2 hounds
  A jelly (D:6)
  3 orc priests
  An iguana (D:1)
  6 orc wizards
  3 gnolls (D:10)
  An adder (D:6)
  16 orcs
  2 endoplasms (D:2)
  A goblin (D:2)
  A hobgoblin (D:2)
  8 kobolds
  4 ball pythons (D:2)
  A bat (D:2)
  2 rats (D:2)
94 creatures vanquished.

Vanquished Creatures (others)
  A yak (Lair:1)
  An acid dragon (D:9)
  A centaur (D:9)
  A kobold brigand (D:11)
  2 gnolls (D:8)
  A fungus (Lair:1)
  2 withered plants (D:9)
9 creatures vanquished.

Grand Total: 273 creatures vanquished

Notes
Turn   | Place    | Note
-------+----------+-------------------------------------------
     0 | D:1      | jasper the Demonspawn Wanderer began the quest for the Orb.
     0 | D:1      | jasper set off with the following items: a +2 quarterstaff,
                  | a +0 ring mail, a potion of curing; and the following spell
                  | memorised: Summon Small Mammal; and the following spells
                  | available to memorise: Call Canine Familiar.
     0 | D:1      | Reached XP level 1. HP: 13/13 MP: 3/3
   100 | D:1      | Gained mutation: You may rarely emit foul miasma when
                  | damaged in melee. [demonic ancestry]
   100 | D:1      | Reached XP level 2. HP: 20/20 MP: 5/5
   145 | D:1      | Reached skill level 1 in Summonings
   221 | D:1      | Reached skill level 1 in Fighting
   320 | D:1      | Reached skill level 1 in Polearms
   583 | D:1      | Gained mutation: Your movements are slightly less
                  | encumbered by armour. (ER -2) [demonic ancestry]
   583 | D:1      | Reached XP level 3. HP: 18/26 MP: 6/6
  1300 | D:3      | Found a sacrificial altar of Ru.
  1300 | D:3      | Found a burning altar of Makhleb.
  1319 | D:3      | Found a faded altar of an unknown god.
  1324 | D:3      | Found a faded altar of an unknown god.
  1474 | D:3      | Learned a level 3 spell: Call Canine Familiar
  1516 | D:3      | Reached skill level 2 in Summonings
  1594 | D:3      | Found a faded altar of an unknown god.
  1634 | D:3      | Found a bloodstained altar of Trog.
  1637 | D:3      | Found a broken altar of Ashenzari.
  1639 | D:3      | Found a blossoming altar of Fedhas.
  1655 | D:3      | Found an iron altar of Okawaru.
  1760 | D:3      | Reached XP level 4. HP: 33/33 MP: 7/7
  1974 | D:3      | Became a worshipper of Ashenzari the Shackled
  2061 | D:3      | You fall into a shaft and drop 3 floors!
  2076 | D:6      | Noticed a bullfrog
  2082 | D:5      | Entered Level 5 of the Dungeon
  2085 | D:5      | Killed a bullfrog
  2086 | D:5      | Gained mutation: A weak demonic guardian rushes to your
                  | aid. [demonic ancestry]
  2086 | D:5      | Reached XP level 5. HP: 39/39 MP: 8/8
  2142 | D:4      | Reached skill level 3 in Summonings
  2378 | D:3      | Found a shimmering blue altar of Sif Muna.
  2526 | D:4      | Reached * piety under Ashenzari
  2742 | D:4      | Gained mutation: You sometimes emit foul miasma when
                  | damaged in melee. [demonic ancestry]
  2742 | D:4      | Reached XP level 6. HP: 44/46 MP: 9/9
  2758 | D:4      | Reached skill level 4 in Summonings
  2979 | D:4      | Learned a level 3 spell: Swiftness
  2982 | D:4      | Learned a level 2 spell: Sublimation of Blood
  3386 | D:4      | Noticed Edmund
  3706 | D:5      | Reached ** piety under Ashenzari
  3738 | D:5      | Found Hixkutt's Jewellery Shop.
  3752 | D:5      | Reached skill level 5 in Summonings
  3752 | D:5      | Reached XP level 7. HP: 35/53 MP: 10/10
  4561 | D:6      | Found a staircase to the Ecumenical Temple.
  4708 | D:7      | Reached skill level 6 in Summonings
  5031 | D:7      | Gained mutation: You have sharp fingernails. [demonic
                  | ancestry]
  5031 | D:7      | Reached XP level 8. HP: 12/61 MP: 8/11
  5248 | D:7      | Reached skill level 1 in Necromancy
  5501 | D:7      | Reached *** piety under Ashenzari
  5511 | D:7      | Reached skill level 1 in Air Magic
  5631 | D:7      | Found a basalt altar of Yredelemnul.
  5674 | D:7      | Noticed Joseph
  5697 | D:7      | Killed Joseph
  6236 | D:8      | Noticed a brown ugly thing
  6251 | D:8      | Reached skill level 5 in Fighting
  6435 | D:9      | Noticed Erica
  6478 | D:9      | Killed Erica
  6479 | D:9      | Reached skill level 5 in Polearms
  6479 | D:9      | Reached skill level 7 in Summonings
  6479 | D:9      | Reached XP level 9. HP: 27/72 MP: 2/13
  6922 | D:9      | Identified the +2 leather armour "Fooracki" {rPois rF-
                  | rCorr Dex+5}
  6965 | D:10     | Entered Level 10 of the Dungeon
  6981 | D:10     | Reached skill level 8 in Summonings
  7010 | D:10     | Identified the cursed +3 leather armour of Ashenzari's
                  | Vision {Fort, Bglg} (You found it on level 3 of the
                  | Dungeon)
  7201 | D:10     | Noticed a troll
  7206 | D:10     | Killed a troll
  7796 | D:10     | Reached XP level 10. HP: 62/80 MP: 11/14
  7804 | D:10     | Reached skill level 9 in Summonings
  8283 | D:11     | Found a shadowy altar of Dithmenos.
  8290 | D:11     | Reached **** piety under Ashenzari
  8348 | D:11     | Reached skill level 5 in Armour
  8348 | D:11     | Noticed a manticore
  9465 | D:5      | Bought an amulet of reflection for 300 gold pieces
 10070 | D:2      | Learned a level 2 spell: Blink
 10795 | D:6      | Found Dukhur's Antique Armour Shoppe.
 10976 | D:6      | Learned a level 3 spell: Summon Guardian Golem
 11023 | D:6      | Reached skill level 10 in Summonings
 11216 | D:6      | Bought a pair of boots for 117 gold pieces
 11406 | D:8      | Killed a brown ugly thing
 11536 | D:8      | Found a hazy altar of Hepliaklqana.
 11997 | D:8      | Learned a level 1 spell: Apportation
 12102 | D:8      | Reached XP level 11. HP: 87/89 MP: 16/16
 12283 | D:9      | Found Jowarees's Assorted Antiques.
 12300 | D:9      | Bought a scroll of teleportation for 96 gold pieces
 12300 | D:9      | Bought a scroll of teleportation for 96 gold pieces
 12321 | D:9      | Found a staircase to the Lair.
 12549 | D:9      | Found an ancient bone altar of Kikubaaqudgha.
 12614 | D:9      | Noticed a two-headed ogre
 12657 | D:9      | Killed a two-headed ogre
 12993 | D:9      | Reached skill level 11 in Summonings
 13322 | D:11     | Found a staircase to the Orcish Mines.
 13606 | D:11     | Noticed a soul eater
 13839 | D:11     | Noticed a two-headed ogre
 13860 | D:11     | Killed a two-headed ogre
 14417 | Lair:1   | Entered Level 1 of the Lair of Beasts
 14568 | D:9      | Slain by a cane toad

Illustrated notes

Levels and vault maps discovered:
D:1:      mrwooster_arrival_arrow, layout_basic, minmay_splitting_lines
D:2:      kennysheep_the_goblin_king, layout_basic
D:3:      layout_loops_corners, led_sif_pool,
          nicolae_overflow_hallway_of_the_gods,
          chequers_temple_overflow_minitemple, ebering_ecumenical_altar_box
D:4:      layout_loops_ring, kennysheep_orc_chapel, uniq_edmund
D:5:      layout_gridville, serial_shops, shop
D:6:      layout_cave_pools, minmay_temple_entry_tees,
          kennysheep_decorative_pillar, nicolae_inconvenience_store
D:7:      layout_loops_cross, mainiacjoe_overflow_24_doors, uniq_joseph
D:8:      layout_basic, nzn_hepliaklqana_mist_gate
D:9:      minmay_octagon_keep, layout_basic, kiku_gazebo_garden_becter,
          lair_entry_dummy, serial_shops, nicolae_shop_window_shopping,
          uniq_erica
D:10:     layout_basic, mainiacjoe_overflow_alcove_1
D:11:     layout_loops_ring, erik_orc_4, nicolae_dithmenos_shadow_blocks
Lair:1:   layout_long_grid, beast_lair_carwin_4, lemuel_fruit_fields,
          infiniplex_staircase_pool_2

Skill      XL: |  1  2  3  4  5  6  7  8  9 10 11 |
---------------+----------------------------------+-----
Summonings     | 1 2 3 5 6 7 8 10 11 | 11.7
Fighting       | 1 2 3 4 5 6 7 8 |  8.7
Polearms       | 1 2 3 4 5 6 7 |  7.8
Necromancy     | 1 |  1.8
Air Magic      | 4 |  4.0
Armour         | 3 4 6 7 |  7.0
Staves         | |  3.6
Spellcasting   | |  2.0
Translocations | |  0.5
Evocations     | |  1.0

Action                     |  1- 3 |  4- 6 |  7- 9 | 10-12 || total
---------------------------+-------+-------+-------+-------++-------
  Melee: Quarterstaff      |   119 |   126 |   182 |   331 ||   758
  Throw: Dart              |       |       |     5 |       ||     5
   Cast: Summon Small Mamm |     3 |     3 |       |       ||     6
         Call Canine Famil |       |     1 |    31 |    50 ||    82
         Summon Guardian G |       |       |       |    17 ||    17
         Sublimation of Bl |       |       |       |     2 ||     2
 Invoke: Curse Item        |       |     2 |     2 |     2 ||     6
  Evoke: Wand              |       |       |       |     3 ||     3
    Use: Scroll            |     1 |     4 |       |       ||     5
         Potion            |       |     2 |     7 |       ||     9
   Stab: Sleeping          |       |     1 |       |       ||     1
         Distracted        |       |       |       |     2 ||     2
 Armour: Ring mail         |    36 |       |       |       ||    36
         Leather armour    |    11 |    28 |    29 |    95 ||   163
         Skin              |       |       |    31 |       ||    31
  Dodge: Dodged            |    95 |    95 |   134 |   333 ||   657
         Repelled          |       |       |     1 |     3 ||     4
  Block: Other             |       |       |       |    89 ||    89
         Reflection        |       |       |       |     4 ||     4

Table legend: (Time is in decaauts)
 A = Elapsed time spent in this place.
 B = Non-inter-level travel time spent in this place.
 C = Inter-level travel time spent in this place.
 D = Time resting spent in this place.
 E = Time spent auto-exploring this place.
 F = Levels seen in this place.
 G = Mean time per level.
                   A        B        C        D        E       F      G
               +--------+--------+--------+--------+--------+-----+--------+
         Total |  14614 |  13499 |   1115 |   1468 |   9263 |  12 | 1217.8 |
       Dungeon |  14588 |  13474 |   1114 |   1468 |   9262 |  11 | 1326.2 |
          Lair |     26 |     26 |      0 |      0 |      1 |   1 |   26.0 |
               +--------+--------+--------+--------+--------+-----+--------+

Top non-repeatable levels by time:
    D:10: 1795 daAuts
     D:9: 1768 daAuts
     D:7: 1619 daAuts
     D:5: 1443 daAuts
     D:4: 1322 daAuts
     D:3: 1308 daAuts
    D:11: 1304 daAuts
     D:8: 1203 daAuts
     D:1: 1069 daAuts
     D:2: 899 daAuts
     D:6: 851 daAuts
  Lair:1: 26 daAuts
